 Dungeon Crawl Stone Soup version 0.30-a0-1114-gd936c97349 (webtiles) character file.

Game seed: 13295310143429591162

58 themarg the Firebug (level 3, 0/29 HPs)
             Began as a Demonspawn Cinder Acolyte on Apr 20, 2023.
             Was a High Priest of Ignis.
             Slain by a cerulean imp
             ... wielding a +4 spear
             ... summoned by Natasha
              (3 damage)
             ... on level 2 of the Dungeon.
             The game lasted 00:02:51 (1343 turns).

themarg the Firebug (Demonspawn Cinder Acolyte)     Turns: 1343, Time: 00:02:52

Health: 0/29       AC:  9    Str: 14    XL:     3   Next: 75%
Magic:  1/6        EV: 11    Int: 17    God:    Ignis [*****.]
Gold:   0          SH:  0    Dex:  8    Spells: 4/6 levels left

rFire   + . .      SeeInvis .    a - -1 mace (flame)
rCold   . . .      Faith    .    (no shield)
rNeg    . . .      Spirit   .    b - +0 robe
rPois   .          Reflect  .    (no helmet)
rElec   .          Rampage  .    (no cloak)
rCorr   .                        (no gloves)
Will    .....                    (no boots)
Stlth   ++                       (no amulet)
HPRegen 0.24/turn                (no ring)
MPRegen 0.10/turn                (no ring)

@: fiery-armoured
A: sturdy frame 1
a: Renounce Religion, Fiery Armour, Foxfire Swarm, Rising Flame


You were on level 2 of the Dungeon.
You worshipped Ignis.
Ignis was extremely pleased with you.
You visited 1 branch of the dungeon, and saw 2 of its levels.

Inventory:

Hand Weapons
 a - a -1 mace of flaming (weapon)
Missiles
 k - 6 poisoned darts (quivered)
Armour
 b - a +0 robe (worn)
Jewellery
 c - an amulet of the acrobat
Scrolls
 f - 2 scrolls of identify {unknown}
 h - a scroll of poison {unknown}
Potions
 d - 2 potions of mutation {unknown}
 e - a potion of heal wounds {unknown}
 g - 2 potions of cancellation {unknown}
 i - a potion of ambrosia {unknown}
 j - a potion of attraction {unknown}


   Skills:
 - Level 3.0 Fighting
 - Level 2.6 Maces & Flails
 + Level 1.9 Stealth
 - Level 2.0 Spellcasting
 + Level 3.3 Fire Magic


You had 4 spell levels left.
You knew the following spells:

 Your Spells              Type           Power      Damage    Failure   Level
a - Scorch                Fire           26%        2d6       8%          2

Your spell library contained the following spells:

 Spells                   Type           Power      Damage    Failure   Level


Dungeon Overview and Level Annotations

Branches:
Dungeon (2/15)

Altars:

Annotations:
D:2 Natasha


Innate Abilities, Weirdness & Mutations

Your movements are slightly less encumbered by armour. (ER -2)


Message History

Natasha closely misses you.
The cerulean imp hits you from afar with a +4 spear.
You barely miss Natasha.
Natasha is moderately wounded.
Natasha is no longer more vulnerable to fire.
Natasha barely misses you.
The cerulean imp hits you from afar with a +4 spear.
You hit Natasha but do no damage.
Natasha is moderately wounded.
Natasha completely misses you. The cerulean imp closely misses you.
Natasha claws you.
You hit Natasha. You burn Natasha.
Natasha is moderately wounded.
The cerulean imp hits you from afar with a +4 spear.
Natasha closely misses you.
You hit Natasha but do no damage.
Natasha is moderately wounded.
The cerulean imp hits you from afar with a +4 spear.
* * * LOW HITPOINT WARNING * * *
Natasha claws you but does no damage. The cerulean imp completely misses you.
A protective cloak of flame settles atop you.
Natasha closely misses you.
The cerulean imp hits you but does no damage.
You barely miss Natasha.
Natasha is moderately wounded.
Natasha barely misses you.
The cerulean imp hits you but does no damage.
You completely miss Natasha.
Natasha is moderately wounded.
Natasha misses you.
The cerulean imp hits you from afar with a +4 spear.
* * * LOW HITPOINT WARNING * * *
You hit Natasha but do no damage.
Natasha is moderately wounded.
Natasha claws you.
* * * LOW HITPOINT WARNING * * *
Natasha is burned by your cloak of flames.
Natasha is almost dead.
The cerulean imp hits you from afar with a +4 spear.
You die...

......# ######...#
.####.#### #...# .#
#....## ##.## .# ####..#
#.# .# ###.##########
#.# .# ##.....##.....##
##.# ..
##.........5....## #..#
#. #.............[..#
#.## .
#..........h@<...# #.#
#............<.[.# #.#
#................# #.#
..................# #.#
##.........รท......# #.#
##..............#####.#
#......#......## #...#
...######.#.#.#####.####
### #.#.#.....<....##


You could see Natasha and a cerulean imp (summoned).

Vanquished Creatures
  Natasha (D:2)
  An adder (D:2)
  A ball python (D:1)
  3 endoplasms
  A giant cockroach (D:1)
  3 hobgoblins (D:1)
  A kobold (D:1)
  3 quokkas (D:1)
  4 bats
  A frilled lizard (D:1)
  2 rats (D:1)
21 creatures vanquished.

Notes
Turn   | Place    | Note
-------+----------+-------------------------------------------
     0 | D:1      | themarg the Demonspawn Cinder Acolyte began the quest for
                  | the Orb.
     0 | D:1      | Reached XP level 1. HP: 18/18 MP: 2/2
   309 | D:1      | Gained mutation: Your movements are slightly less
                  | encumbered by armour. (ER -2) [demonic ancestry]
   309 | D:1      | Reached XP level 2. HP: 23/24 MP: 4/4
   312 | D:1      | Learned a level 2 spell: Scorch
   393 | D:1      | Reached skill level 1 in Stealth
   395 | D:1      | Found a faded altar of an unknown god.
   951 | D:2      | Reached XP level 3. HP: 21/29 MP: 1/5
  1032 | D:2      | Noticed Natasha
  1037 | D:2      | Killed Natasha
  1255 | D:2      | Noticed Natasha
  1343 | D:2      | Slain by a cerulean imp

Illustrated notes

Levels and vault maps discovered:
D:1:      scummos_arrival_gate, layout_loops_ring,
          shapermc_ecumenical_altar_totnotflames
D:2:      layout_rooms, serial_aquarium, aquarium_bridge_square
          [aquarium_subvault_bridge, aquarium_subvault_bridge,
          aquarium_subvault_wall, aquarium_subvault_balcony], aquarium_window_1,
          aquarium_window_corridor_2, aquarium_window_1, aquarium_view_2b,
          aquarium_pool_2, uniq_natasha

Skill      XL: |  1  2  3 |
---------------+----------+-----
Stealth        | 1 |  1.9
Fire Magic     | 3 |  3.3
Spellcasting   | 2 |  2.0
Fighting       | |  3.0
Maces & Flails | |  2.6

Action                     || total
---------------------------++-------
  Melee: Mace              ||    64
         Punch             ||     2
   Cast: Scorch            ||    13
 Invoke: Fiery Armour      ||     1
 Armour: Robe              ||    18
  Dodge: Dodged            ||    55

Table legend: (Time is in decaauts)
 A = Elapsed time spent in this place.
 B = Non-inter-level travel time spent in this place.
 C = Inter-level travel time spent in this place.
 D = Time resting spent in this place.
 E = Time spent auto-exploring this place.
 F = Levels seen in this place.
 G = Mean time per level.
                   A        B        C        D        E       F      G
               +--------+--------+--------+--------+--------+-----+--------+
         Total |   1360 |   1300 |     60 |     45 |   1028 |   2 |  680.0 |
       Dungeon |   1360 |   1300 |     60 |     45 |   1028 |   2 |  680.0 |
               +--------+--------+--------+--------+--------+-----+--------+

Top non-repeatable levels by time:
     D:1: 986 daAuts
     D:2: 374 daAuts
